 Dungeon Crawl Stone Soup version 0.32-a0-931-g5a2cda0 (webtiles) character file.

Game seed: 11564627297940739022

190 jongho1212 the Spear-Bearer (level 5, -5/38 HPs)
             Began as a Merfolk Gladiator on Apr 13, 2024.
             Was an Initiate of Gozag.
             Slain by a sky beast (6 damage)
             ... on level 4 of the Dungeon.
             The game lasted 00:04:16 (3053 turns).

jongho1212 the Spear-Bearer (Merfolk Gladiator)     Turns: 3053, Time: 00:04:17

Health: -5/38      AC:  5    Str: 16    XL:     5   Next: 69%
Magic:  5/5        EV: 12    Int:  7    God:    Gozag
Gold:   128        SH:  0    Dex: 16    Spells: 4/4 levels left

rFire   . . .        a - +0 trident
rCold   . . .        (no shield)
rNeg    . . .        b - +0 leather armour
rPois   .            c - +0 helmet
rElec   .            (no cloak)
rCorr   .            (no gloves)
SInv    .            m - +0 pair of boots
Will    .....        (no amulet)
Stlth   +            (no ring)
HPRegen 0.26/turn    (no ring)
MPRegen 0.09/turn

%: no passive effects
@: studying Throwing
A: (nimble swimmer 2), mertail
a: Renounce Religion, Potion Petition, Call Merchant, Bribe Branch


You were on level 4 of the Dungeon.
You worshipped Gozag.
Gozag was aware of your devotion.
You visited 1 branch of the dungeon, and saw 4 of its levels.

You collected 316 gold pieces.
You spent 126 gold pieces at shops.
You paid 62 gold pieces to Gozag.

Inventory:

Hand Weapons
 a - a +0 trident (weapon)
Missiles
 e - 3 javelins
Armour
 b - a +0 leather armour (worn)
 c - a +0 helmet (worn)
 m - a +0 pair of boots (worn)
Scrolls
 f - a scroll of immolation {unknown}
 g - 2 scrolls of identify {unknown}
 h - a scroll of brand weapon {unknown}
 l - 3 scrolls of enchant armour {unknown}
 o - 2 scrolls of teleportation {unknown}
 p - a scroll of fear {unknown}
 r - a scroll of enchant weapon
Potions
 i - a potion of lignification {unknown}
 j - a potion of degeneration {unknown}
 k - a potion of might {unknown}
 n - 2 potions of heal wounds {unknown}
 q - 2 potions of attraction {unknown}


   Skills:
 - Level 2.1 Fighting
 + Level 8.2 Polearms
 - Level 2.0 Throwing
 - Level 4.0 Dodging


You had 4 spell levels left.
You didn't know any spells.
Your spell library contained the following spells:

 Spells                   Type           Power      Damage    Failure   Level
 Ensorcelled Hibernation  Hex/Ice        0%         N/A       65%         2
 Fugue of the Fallen      Necr           0%         N/A       86%         3
 Anguish                  Hex/Necr       0%         N/A       99%         4
 Conjure Ball Lightning   Conj/Air       0%         3x3d6     100%        6
 Discord                  Hex            0%         N/A       100%        8
 Disjunction              Tloc           0%         N/A       100%        8


Dungeon Overview and Level Annotations

Branches:
Dungeon (4/15)
 Temple: D:4-7

Altars:
Cheibriados
Gozag
Yredelemnul

Shops:
D:2 *

Annotations:
D:3 2 transporters, stone111's ghost, weakling DrSh


Innate Abilities, Weirdness & Mutations

((You are very nimble when in or above water. (Stealth+, EV+, Speed+++)))
Your lower body shifts to a powerful aquatic tail in water.


Message History

Aim: a sky beast (moderately wounded, 48% to hit)
You throw a throwing net.
The throwing net barely misses the sky beast.
The sky beast hits you but does no damage.
Throw: 2 throwing nets
Press: ? - help, Q - select action, (/) - cycle Shift-Dir - straight line, f/p - sky beast
Aim: a sky beast (moderately wounded, 48% to hit)
You throw a throwing net.
The throwing net barely misses the sky beast.
The sky beast closely misses you.
Throw: throwing net
Press: ? - help, Q - select action, (/) - cycle Shift-Dir - straight line, f/p - sky beast
Aim: a sky beast (moderately wounded, 48% to hit)
You throw a throwing net. The throwing net hits the sky beast.
The sky beast is caught in the net!
The sky beast is moderately wounded.
The sky beast struggles against the net.
You hit the sky beast.
The sky beast is heavily wounded.
The sky beast flickers out of sight!
Deactivating autopickup; reactivate with Ctrl-A.
Something wriggles in the net.
You hit something but do no damage.
Something wriggles in the net.
You hit something.
Something wriggles in the net.
You barely miss something.
Something wriggles in the net.
You barely miss something. You completely miss something.
Something wriggles in the net.
All of a sudden the net rips apart!
You closely miss something. Something hits you.
* * * LOW HITPOINT WARNING * * *
Something shocks you.
* * * LOW HITPOINT WARNING * * *
9의 피해를 받았습니다. 현재 남은 체력은 [2/38] 입니다. 조오오온나 쌔다!!!!!!!!!!!!!!!!!!!!!!!!!!!!!!!!!!!!!!
You closely miss something. Something completely misses you.
You closely miss something. Something hits you.
* * * LOW HITPOINT WARNING * * *
Something shocks you.
You die...
Your body crumbles into a pile of gold.

....# #... ..#. ... ...
.######.#######..##
.................##
#..<.............
#........)##.#.# #...##
#.........#....# . #.....
#.......{@#.#'###+#(#.....
#.............#.....#.#.....
#...........###.♣♣♣.#.......
^............##.....#.......
#.....######..+.._..+.......
#....# .##.....#.......
#.... .##.♣♣♣.##...<.. ####.
.##.....##.....)
#+###'##......


There were no monsters in sight!

Vanquished Creatures
  2 bombardier beetles
  An orc wizard (D:3)
  2 adders (D:2)
  2 ribbon worms (D:2)
  6 orcs
  2 endoplasms
  4 giant cockroaches
  5 goblins
  4 hobgoblins
  8 jackals
  5 quokkas
  3 ball pythons
  10 bats
  2 frilled lizards (D:1)
  5 kobolds
  3 rats
64 creatures vanquished.

Notes
Turn   | Place    | Note
-------+----------+-------------------------------------------
     0 | D:1      | jongho1212 the Merfolk Gladiator began the quest for the
                  | Orb.
     0 | D:1      | Reached XP level 1. HP: 16/16 MP: 1/1
   197 | D:1      | Reached XP level 2. HP: 19/22 MP: 2/2
   214 | D:1      | Reached skill level 5 in Polearms
   530 | D:1      | Reached XP level 3. HP: 27/27 MP: 3/3
  1092 | D:2      | Found Uproej's General Store.
  1192 | D:2      | Reached skill level 6 in Polearms
  1219 | D:2      | Reached XP level 4. HP: 31/33 MP: 4/4
  1580 | D:3      | Noticed stone111's ghost (weakling DrSh)
  1989 | D:3      | Reached skill level 7 in Polearms
  2102 | D:3      | Found an opulent altar of Gozag.
  2133 | D:3      | Became a worshipper of Gozag Ym Sagoz the Greedy
  2224 | D:3      | Reached XP level 5. HP: 26/38 MP: 5/5
  2552 | D:3      | Found a snail-covered altar of Cheibriados.
  2646 | D:3      | Found a transporter.
  2650 | D:3      | Found a transporter.
  2919 | D:2      | Bought a scroll of enchant weapon for 90 gold pieces
  2919 | D:2      | Bought a throwing net for 36 gold pieces
  2957 | D:4      | Reached skill level 8 in Polearms
  3005 | D:4      | Found a basalt altar of Yredelemnul.
  3022 | D:4      | Noticed a sky beast
  3053 | D:4      | HP: 1/38 [something (2)]
  3053 | D:4      | Slain by a sky beast

Illustrated notes

Levels and vault maps discovered:
D:1:      sevenhm_arrival_forest_fort_small_3, layout_basic
D:2:      layout_basic, serial_shops, nicolae_shop_statue_plus
D:3:      layout_basic, mainiacjoe_overflow_24_doors,
          nicolae_gozag_seed_capital, gammafunk_ghost_mausoleum
D:4:      black_bear_nest_1, layout_rooms, mainiacjoe_overflow_paths,
          xom_redecorated, mainiacjoe_overflow_six_doors_small, uniq_sigmund

Skill      XL: |  1  2  3  4  5 |
---------------+----------------+-----
Polearms       | 5 6 7 8 |  8.2
Fighting       | |  2.1
Throwing       | |  2.0
Dodging        | |  4.0

Action                     |  1- 3 |  4- 6 || total
---------------------------+-------+-------++-------
  Melee: Trident           |   121 |   128 ||   249
  Throw: Throwing net      |       |     4 ||     4
   Stab: Sleeping          |     4 |     3 ||     7
 Armour: Leather armour    |    51 |    55 ||   106
  Dodge: Dodged            |    75 |    52 ||   127

Table legend: (Time is in decaauts)
 A = Elapsed time spent in this place.
 B = Non-inter-level travel time spent in this place.
 C = Inter-level travel time spent in this place.
 D = Time resting spent in this place.
 E = Time spent auto-exploring this place.
 F = Levels seen in this place.
 G = Mean time per level.
                   A        B        C        D        E       F      G
               +--------+--------+--------+--------+--------+-----+--------+
         Total |   3051 |   2886 |    165 |    438 |   1873 |   4 |  762.8 |
       Dungeon |   3051 |   2886 |    165 |    438 |   1873 |   4 |  762.8 |
               +--------+--------+--------+--------+--------+-----+--------+

Top non-repeatable levels by time:
     D:3: 1083 daAuts
     D:2: 939 daAuts
     D:1: 926 daAuts
     D:4: 101 daAuts
